 Dungeon Sprint DCSS version 0.23.1 (webtiles) character file.

Game seed: 3947466188829880762

16300000 Gingerlord the Conqueror (level 27, -34/273 HPs)
             Began as a Minotaur Fighter on Mar 8, 2019.
             Was an Elder of Makhleb.
             Killed by the air
             ... invoked by The Meatlord
              (50 damage)
             ... in the Dungeon (Sprint VIII: "Arena of Blood").
             The game lasted 00:04:56 (163 turns).

Gingerlord the Conqueror (Minotaur Fighter)          Turns: 163, Time: 00:04:57

Health: -34/273    AC: 13    Str: 23    XL:     27
Magic:  40/53      EV: 32    Int:  5    God:    Makhleb [****..]
Gold:   0          SH:  0    Dex: 21    Spells: 80/80 levels left

rFire    . . .     SeeInvis .   l - +∞ Axe of Woe
rCold    . . .     Gourm    .   (shield currently unavailable)
rNeg     . . .     Faith    .   b - +0 scale mail
rPois    .         Spirit   .   (helmet restricted)
rElec    .         Reflect  .   (no cloak)
rCorr    .         Harm     .   (no gloves)
MR       ++...     NoTele   +   (no boots)
Stlth    +++++++++.             (no amulet)
HPRegen  0.55/turn              m - +30 ring of slaying
MPRegen  0.33/turn              n - +30 ring of slaying

@: very slightly contaminated
A: retaliatory headbutt, horns 2
a: Minor Destruction, Lesser Servant of Makhleb, Major Destruction, Renounce
Religion


You were in the Dungeon.
You worshipped Makhleb.
Makhleb was greatly pleased with you.
You were not hungry.

You visited 1 branch

Inventory:

Hand Weapons
 a - a +0 war axe
 l - the +∞ Axe of Woe (weapon)
   (You found it in the Dungeon)
Armour
 b - a +0 scale mail (worn)
 c - a +0 shield
Jewellery
 m - a +30 ring of slaying (left hand)
 n - a +30 ring of slaying (right hand)
 o - a +30 ring of slaying
 p - a +30 ring of slaying
Potions
 d - a potion of might
 h - a potion of haste
 i - 2 potions of magic
 j - a potion of berserk rage
Comestibles
 f - a ration


   Skills:
 O Level 27 Fighting
 O Level 27 Axes
 O Level 27 Throwing
 O Level 27 Armour
 O Level 27 Dodging
 O Level 27 Stealth
 O Level 27 Shields
 O Level 27 Unarmed Combat
 O Level 27 Spellcasting
 O Level 27 Invocations


You had 80 spell levels left.
You didn't know any spells.
Your spell library was empty.

Dungeon Overview and Level Annotations

Branches:
Dungeon (1/1)

Altars:
Makhleb

Annotations:
D The Meatlord


Innate Abilities, Weirdness & Mutations

You reflexively headbutt those who attack you in melee.
You have a pair of horns on your head.


Message History

Your Executioner resists.
The blast of lightning engulfs The Meatlord.
The Meatlord completely resists.
You hear a shout!
Okay, then.
Okay, then.
Unknown command.
Unknown command.
You hear a shout! x2
Your Executioner closely misses the bag of meat.
Your Executioner hits the bag of meat.
The bag of meat dies!
Makhleb accepts your kill.
Your balrug gestures at the Tzitzimitl.
The sticky flame hits the Tzitzimitl!
The Tzitzimitl is covered in liquid flames!
You hear a shout!
The Meatlord waves its arms in wide circles.
The air twists around and strikes you!
You die...

.###....)))###)))........
......###)))))))).....###
......._)))))...)........
....#.))).#)).))))#.#....
. #_o<._#....))).......
#.....#...1))#.#.#..
..o.o_.....&)2.........
.....o###....)1)..#.#.#..
.###.. ....###@.........
#.. ....#...).)...... #..
...#.....)...... ..
...............
........#...#....
.......#....# ... .....##
....# .. ....# ...#. #
.... .###...


You could see The Meatlord, a Tzitzimitl (burning), a friendly balrug and a
friendly Executioner.

Vanquished Creatures
  3 vampire knights (D)
  21 ogres (D)
  4 two-headed ogres (D)
  92 orcs (D)
120 creatures vanquished.

Vanquished Creatures (collateral kills)
  2 orcs (D)
  A ball lightning (D)
3 creatures vanquished.

Vanquished Creatures (others)
  2 orcs (D)
  7 ball lightnings (D)
9 creatures vanquished.

Grand Total: 132 creatures vanquished

Notes
Turn   | Place    | Note
-------+----------+-------------------------------------------
     0 | D        | Found the +∞ Axe of Woe
     0 | D        | Gingerlord the Minotaur Fighter began the quest for the
                  | Orb.
     0 | D        | Reached XP level 1. HP: 19/19 MP: 0/0
     1 | D        | Noticed a bag of meat
     1 | D        | Noticed a bag of meat
     3 | D        | Noticed a bag of meat
     3 | D        | Noticed a bag of meat
     4 | D        | Noticed a bag of meat
     9 | D        | Became a worshipper of Makhleb the Destroyer
    10 | D        | Killed a bag of meat
    10 | D        | Reached XP level 2. HP: 33/47 MP: 0/8
    10 | D        | Reached XP level 3. HP: 37/53 MP: 0/9
    10 | D        | Reached XP level 4. HP: 43/61 MP: 0/11
    10 | D        | Reached XP level 5. HP: 48/68 MP: 0/12
    10 | D        | Reached XP level 6. HP: 53/75 MP: 0/14
    10 | D        | Reached XP level 7. HP: 58/82 MP: 0/15
    10 | D        | Reached XP level 8. HP: 64/90 MP: 0/16
    10 | D        | Reached XP level 9. HP: 68/96 MP: 0/17
    10 | D        | Reached XP level 10. HP: 74/104 MP: 0/18
    10 | D        | Reached XP level 11. HP: 78/111 MP: 0/19
    10 | D        | Killed a bag of meat
    10 | D        | Reached * piety under Makhleb
    10 | D        | Reached skill level 15 in Dodging
    10 | D        | Reached XP level 12. HP: 88/124 MP: 0/21
    11 | D        | Killed a bag of meat
    11 | D        | Reached skill level 15 in Invocations
    11 | D        | Reached XP level 13. HP: 81/134 MP: 0/23
    12 | D        | Killed a bag of meat
    12 | D        | Reached XP level 14. HP: 137/144 MP: 0/25
    12 | D        | Killed a bag of meat
    12 | D        | Reached ** piety under Makhleb
    15 | D        | Noticed a bag of meat
    15 | D        | Noticed a bag of meat
    15 | D        | Noticed a bag of meat
    15 | D        | Noticed a meat berserker
    15 | D        | Noticed a bag of meat
    16 | D        | Noticed a bag of meat
    16 | D        | Noticed a bag of meat
    16 | D        | Noticed a bag of meat
    16 | D        | Noticed a bag of meat
    17 | D        | Noticed a bag of meat
    17 | D        | Noticed a bag of meat
    18 | D        | Killed a bag of meat
    18 | D        | Reached XP level 15. HP: 135/157 MP: 1/26
    21 | D        | Killed a meat berserker
    21 | D        | Reached *** piety under Makhleb
    21 | D        | Reached XP level 16. HP: 98/172 MP: 2/28
    23 | D        | Noticed a meat berserker
    24 | D        | Reached **** piety under Makhleb
    24 | D        | Reached XP level 17. HP: 184/184 MP: 2/30
    26 | D        | Reached skill level 27 in Fighting
    26 | D        | Reached skill level 27 in Axes
    26 | D        | Reached skill level 27 in Armour
    26 | D        | Reached skill level 27 in Shields
    26 | D        | Reached XP level 18. HP: 200/200 MP: 3/33
    26 | D        | Reached ***** piety under Makhleb
    26 | D        | Reached skill level 27 in Dodging
    28 | D        | Reached skill level 27 in Invocations
    28 | D        | Reached skill level 5 in Unarmed Combat
    29 | D        | Noticed a meat berserker
    30 | D        | Killed a meat berserker
    30 | D        | Reached XP level 19. HP: 176/207 MP: 4/35
    31 | D        | Reached skill level 15 in Throwing
    31 | D        | Reached skill level 15 in Stealth
    31 | D        | Noticed a meat berserker
    31 | D        | Noticed a meat berserker
    31 | D        | Noticed a meat berserker
    32 | D        | Noticed a meat berserker
    34 | D        | Noticed a large bag of meat
    34 | D        | Noticed a meat berserker
    35 | D        | Killed a meat berserker
    35 | D        | Reached ****** piety under Makhleb
    35 | D        | Reached skill level 15 in Spellcasting
    35 | D        | Reached XP level 20. HP: 216/216 MP: 5/38
    36 | D        | Killed a meat berserker
    37 | D        | Killed a meat berserker
    37 | D        | Reached XP level 21. HP: 224/224 MP: 5/42
    38 | D        | Reached skill level 27 in Unarmed Combat
    39 | D        | Reached skill level 27 in Throwing
    41 | D        | Reached skill level 27 in Stealth
    41 | D        | Reached XP level 22. HP: 233/233 MP: 6/48
    44 | D        | Killed a large bag of meat
    44 | D        | Reached skill level 27 in Spellcasting
    44 | D        | Noticed a destroyer
    46 | D        | Reached XP level 23. HP: 240/240 MP: 7/53
    50 | D        | Noticed a destroyer
    51 | D        | Reached XP level 24. HP: 249/249 MP: 8/53
    53 | D        | Killed a destroyer
    53 | D        | Killed a destroyer
    53 | D        | Reached XP level 25. HP: 257/257 MP: 9/53
    54 | D        | Noticed a large bag of meat
    60 | D        | Reached XP level 26. HP: 266/266 MP: 11/53
    66 | D        | Killed a large bag of meat
    66 | D        | Reached XP level 27. HP: 152/273 MP: 12/53
    68 | D        | Noticed a destroyer
    84 | D        | Killed a destroyer
    89 | D        | Noticed a large bag of meat
    98 | D        | Killed a large bag of meat
   121 | D        | Noticed a large bag of meat
   130 | D        | Killed a large bag of meat
   149 | D        | Noticed The Meatlord
   163 | D        | Killed from afar by The Meatlord

Skill      XL: |  1  2  3  4  5  6  7  8  9 10 11 12 13 14 15 16 17 18 19 20 21 22 |
---------------+-------------------------------------------------------------------+-----
Fighting       | 14 16 17 18 20 23 24 27 | 27.0
Axes           | 14 16 17 19 20 23 24 27 | 27.0
Armour         | 14 16 17 18 20 23 24 27 | 27.0
Dodging        | 13 15 16 17 19 21 23 25 27 | 27.0
Shields        | 14 16 18 19 20 23 25 27 | 27.0
Invocations    | 12 14 15 16 17 19 21 24 27 | 27.0
Throwing       | 13 20 23 27 | 27.0
Stealth        | 12 19 22 27 | 27.0
Unarmed Combat | 14 22 25 27 | 27.0
Spellcasting   | 9 15 18 23 27 | 27.0

Action                   |  1- 3 |  4- 6 |  7- 9 | 10-12 | 13-15 | 16-18 | 19-21 | 22-24 | 25-27 || total
-------------------------+-------+-------+-------+-------+-------+-------+-------+-------+-------++-------
Melee: Executioner's axe |     1 |       |       |     1 |     4 |     5 |     8 |     8 |    51 ||    78
Invok: Greater Servant o |       |       |       |       |       |       |       |       |     6 ||     6
  Use: Potion            |       |       |       |       |       |       |       |       |     2 ||     2
       Scroll            |       |       |       |       |       |       |       |       |     1 ||     1
Armor: Scale mail        |       |       |       |       |       |       |       |       |     2 ||     2
Dodge: Dodged            |       |       |       |       |       |       |       |     1 |     4 ||     5
